 Dungeon Crawl Stone Soup version 0.31-a0-532-g28f74ba3e5 (webtiles) character file.

Game seed: 10482861542816932570

2375 cforsyth the Charlatan (level 9, -4/61 HPs)
             Began as a Gnoll Artificer on Aug 12, 2023.
             Was a Follower of Hepliaklqana.
             Slain by a large slime creature (21 damage)
             ... on level 7 of the Dungeon.
             The game lasted 00:08:38 (7201 turns).

cforsyth the Charlatan (Gnoll Artificer)            Turns: 7201, Time: 00:08:38

Health: -4/61      AC: 12    Str: 13    XL:     9   Next: 45%
Magic:  15/15      EV: 11    Int: 14    God:    Hepliaklqana [*.....]
Gold:   278        SH:  0    Dex: 18    Spells: 16/16 levels left

rFire   + + .        t - +1 short sword (venom)
rCold   x . .        (no shield)
rNeg    . . .        m - +0 fire dragon scales
rPois   .            K - +0 helmet
rElec   .            (no cloak)
rCorr   .            F - +0 pair of gloves
SInv    .            (no boots)
Will    .....        (no amulet)
Stlth   +            C - +6 ring of dexterity
HPRegen 0.30/turn    (no ring)
MPRegen 0.14/turn

%: no passive effects
@: no status effects
A: reduced essence, fangs 1, strong nose, distributed training
a: Renounce Religion, Recall Ancestor, Ancestor Identity


You were on level 7 of the Dungeon.
You worshipped Hepliaklqana.
Hepliaklqana was aware of your devotion.
You visited 2 branches of the dungeon, and saw 8 of its levels.

You collected 278 gold pieces.

Inventory:

Hand Weapons
 a - a +0 club
 t - a +1 short sword of venom (weapon)
 B - a +2 dagger of venom
 L - a +1 long sword of freezing
Armour
 b - a +0 leather armour
 k - a +0 scale mail
 m - +0 fire dragon scales (worn)
 F - a +0 pair of gloves (worn)
 G - a +0 buckler
 K - a +0 helmet (worn)
Jewellery
 C - a +6 ring of dexterity (left hand)
 I - a ring of fire
Wands
 c - a wand of flame (46) (quivered)
 d - a wand of charming (20)
 e - a wand of iceblast (5)
 x - a wand of quicksilver (6)
 J - a wand of digging (6)
Scrolls
 f - 2 scrolls of poison {unknown}
 i - 8 scrolls of teleportation {unknown}
 l - 4 scrolls of immolation {unknown}
 n - 2 scrolls of revelation {unknown}
 q - 4 scrolls of identify {unknown}
 s - 2 scrolls of blinking {unknown}
 u - 2 scrolls of enchant weapon {unknown}
 w - a scroll of vulnerability {unknown}
 y - a scroll of fear {unknown}
 z - a scroll of acquirement {unknown}
 H - a scroll of noise {unknown}
Potions
 g - 3 potions of mutation {unknown}
 h - 2 potions of ambrosia {unknown}
 j - 2 potions of haste {unknown}
 o - 3 potions of heal wounds
 p - 2 potions of curing {unknown}
 r - 3 potions of attraction {unknown}
 v - a potion of berserk rage {unknown}
 A - a potion of invisibility {unknown}
 D - a potion of degeneration {unknown}
 E - a potion of cancellation {unknown}
 M - a potion of magic {unknown}


   Skills:
 + Level 5.1 Fighting
 + Level 4.3 Short Blades
 + Level 4.3 Long Blades
 + Level 4.3 Axes
 + Level 4.3 Maces & Flails
 + Level 4.3 Polearms
 + Level 4.3 Staves
 + Level 4.3 Ranged Weapons
 + Level 4.3 Throwing
 + Level 6.4 Armour
 + Level 5.1 Dodging
 + Level 5.0 Stealth
 + Level 4.3 Shields
 + Level 4.3 Unarmed Combat
 + Level 4.3 Spellcasting
 + Level 3.5 Conjurations
 + Level 3.5 Hexes
 + Level 3.5 Summonings
 + Level 3.5 Necromancy
 + Level 3.5 Translocations
 + Level 3.5 Transmutations
 + Level 3.5 Fire Magic
 + Level 3.5 Ice Magic
 + Level 3.5 Air Magic
 + Level 3.5 Earth Magic
 + Level 3.5 Poison Magic
 + Level 4.8 Invocations
 + Level 7.9 Evocations
 + Level 3.5 Shapeshifting


You had 16 spell levels left.
You didn't know any spells.
Your spell library contained the following spells:

 Spells                   Type           Power      Damage    Failure   Level
 Kiss of Death            Conj/Necr      52%        2d9       22%         1
 Ensorcelled Hibernation  Hex/Ice        26%        N/A       34%         2
 Sublimation of Blood     Necr           13%        N/A       34%         2
 Confusing Touch          Hex            13%        N/A       56%         3
 Anguish                  Hex/Necr       6%         N/A       92%         4
 Dispel Undead            Necr           13%        3d9       92%         4
 Petrify                  Tmut/Erth      13%        N/A       92%         4
 Irradiate                Conj/Tmut      6%         3d13      99%         5


Dungeon Overview and Level Annotations

Branches:
Dungeon (7/15)             Temple (1/1) D:5

Altars:
Ashenzari
Cheibriados
Dithmenos
Elyvilon
Fedhas
Gozag
Hepliaklqana
Kikubaaqudgha
Makhleb
Nemelex Xobeh
Okawaru
Qazlal
Ru
Sif Muna
Trog
Uskayaw
Vehumet
Wu Jian
Xom
Yredelemnul
Zin
The Shining One

Shops:
D:4 ?


Innate Abilities, Weirdness & Mutations

Your life essence is reduced to manifest your ancestor. (-10% HP)
You have very sharp teeth.
Your uncanny sense of smell can sniff out nearby items.
Your experience applies equally to all skills.


Message History

Kateb hits the slime creature.
The slime creature hits you but does no damage.
You hit the slime creature.
The slime creature is lightly wounded.
Kateb hits the slime creature.
The slime creature hits you.
You hit the slime creature.
The slime creature is moderately wounded.
Kateb hits the slime creature!
The slime creature hits you.
You hit the slime creature. Your bite misses the slime creature.
The slime creature is heavily wounded.
The slime creature attacks as you move away!
The slime creature hits you!
Kateb hits the slime creature!
Aiming: Quicksilver Bolt
Press: ? - help, Shift-Dir - straight line The bolt of dispelling energy hits the slime creature!!
The slime creature is almost dead.
The bolt of dispelling energy hits the slime creature!!
The slime creature is moderately wounded.
Kateb hits the slime creature!
The slime creature barely misses you. x2
Two slime creatures merge to form a large slime creature.
You hit the slime creature. You bite the slime creature.
The slime creature is almost dead.
Kateb hits the large slime creature.
The slime creature hits you but does no damage.
Unknown command.
Unknown command.
Unknown command.
You hit the slime creature.
You kill the slime creature!
Kateb completely misses the large slime creature.
The large slime creature barely misses you.
A slime creature comes into view.
Your Stealth skill increases to level 5!
Kateb barely misses the large slime creature.
The large slime creature attacks as you move away!
The large slime creature hits you!!
* * * LOW HITPOINT WARNING * * *
There is a stone staircase leading up here.
The large slime creature hits you!!
You die...

#...........#
############'##
..............#
..............#
..............#
....J.........#
..$......R..>.#
.........J....#
#####....@....#
###########


You could see the friendly Kateb the ancestor, a large slime creature (ally
target) and a slime creature.

Vanquished Creatures
  A slime creature (D:7)
  Grinder (D:4)
  3 sky beasts
  4 black bears
  An ogre (D:5)
  A centaur (D:7)
  A phantom (D:6)
  5 scorpions
  2 bullfrogs (D:6)
  5 killer bees (D:6)
  2 hounds (D:5)
  A jelly (D:5)
  4 iguanas
  A sleepcap (D:6)
  10 adders
  2 white imps
  3 ufetubi
  A worm (D:3)
  A dart slug (D:1)
  3 orcs (D:4)
  9 bats
  4 endoplasms
  A giant cockroach (D:2)
  7 goblins
  4 hobgoblins
  6 jackals
  5 quokkas
  3 ball pythons
  3 frilled lizards
  5 kobolds
  4 rats
103 creatures vanquished.

Vanquished Creatures (collateral kills)
  A centaur (D:5)
  A jelly (D:5)
  A white imp (D:6)
3 creatures vanquished.

Vanquished Creatures (others)
  A killer bee (D:6)
  An ancestor (D:5)
2 creatures vanquished.

Grand Total: 108 creatures vanquished

Notes
Turn   | Place    | Note
-------+----------+-------------------------------------------
     0 | D:1      | cforsyth the Gnoll Artificer began the quest for the Orb.
     0 | D:1      | Reached XP level 1. HP: 17/17 MP: 1/1
   311 | D:1      | Reached XP level 2. HP: 18/23 MP: 2/2
   683 | D:1      | HP: 1/23 [jackal (2)]
   690 | D:1      | Reached XP level 3. HP: 3/28 MP: 3/3
  1227 | D:1      | Reached skill level 1 in Invocations
  1504 | D:2      | Reached skill level 1 in Short Blades
  1504 | D:2      | Reached skill level 1 in Long Blades
  1504 | D:2      | Reached skill level 1 in Axes
  1504 | D:2      | Reached skill level 1 in Maces & Flails
  1504 | D:2      | Reached skill level 1 in Polearms
  1504 | D:2      | Reached skill level 1 in Staves
  1504 | D:2      | Reached skill level 1 in Ranged Weapons
  1504 | D:2      | Reached skill level 1 in Throwing
  1504 | D:2      | Reached skill level 1 in Shields
  1504 | D:2      | Reached skill level 1 in Unarmed Combat
  1504 | D:2      | Reached skill level 1 in Spellcasting
  1532 | D:2      | Reached XP level 4. HP: 19/34 MP: 5/5
  1745 | D:2      | Found a glowing golden altar of the Shining One.
  1933 | D:2      | Reached skill level 1 in Conjurations
  1933 | D:2      | Reached skill level 1 in Hexes
  1933 | D:2      | Reached skill level 1 in Summonings
  1933 | D:2      | Reached skill level 1 in Necromancy
  1933 | D:2      | Reached skill level 1 in Translocations
  1933 | D:2      | Reached skill level 1 in Transmutations
  1933 | D:2      | Reached skill level 1 in Fire Magic
  1933 | D:2      | Reached skill level 1 in Ice Magic
  1933 | D:2      | Reached skill level 1 in Air Magic
  1933 | D:2      | Reached skill level 1 in Earth Magic
  1933 | D:2      | Reached skill level 1 in Poison Magic
  1933 | D:2      | Reached skill level 1 in Shapeshifting
  2856 | D:3      | Reached XP level 5. HP: 40/40 MP: 6/6
  2899 | D:3      | You fall into a shaft and drop 3 floors!
  3038 | D:6      | Reached XP level 6. HP: 6/47 MP: 8/8
  3251 | D:6      | Reached skill level 5 in Armour
  3505 | D:6      | Noticed a black bear
  3516 | D:6      | Killed a black bear
  3517 | D:6      | Reached skill level 7 in Evocations
  3517 | D:6      | Reached XP level 7. HP: 28/52 MP: 10/10
  3961 | D:6      | Reached XP level 8. HP: 25/60 MP: 12/12
  4170 | D:6      | HP: 3/60 [poisoned by a killer bee]
  4431 | D:5      | Entered Level 5 of the Dungeon
  4457 | D:5      | Found a staircase to the Ecumenical Temple.
  4516 | Temple   | Entered the Ecumenical Temple
  4541 | Temple   | Became a worshipper of Hepliaklqana the Forgotten
  5479 | D:4      | Noticed Grinder
  5504 | D:4      | Killed Grinder
  5801 | D:4      | Reached * piety under Hepliaklqana
  5844 | D:4      | Found Buzusuy's Magic Scroll Shoppe.
  6479 | D:5      | Reached XP level 9. HP: 48/59 MP: 14/14
  7145 | D:7      | Reached skill level 5 in Fighting
  7145 | D:7      | Reached skill level 5 in Dodging
  7199 | D:7      | Reached skill level 5 in Stealth
  7201 | D:7      | Slain by a large slime creature

Illustrated notes

Levels and vault maps discovered:
D:1:      dpeg_arrival_connections, layout_loops_corners, minmay_tromino_v4_a
D:2:      layout_loops_ring, basic_altar, serial_forest,
          infiniplex_forest_clump_diagonal, infiniplex_forest_lined_3,
          infiniplex_forest_zigzag_1, infiniplex_forest_clump_double,
          infiniplex_forest_lined_ring
D:3:      layout_loops_ring, minmay_misc_feat_nine_boxes, hex_tiny,
          minmay_misc_feat_encased, chequers_serial_rivers_micro_d
D:4:      layout_loops_corners, serial_shops, shop, uniq_grinder
D:5:      layout_gridville, minmay_temple_entry_slanted, feat_on_display
D:6:      layout_basic
D:7:      layout_gridville, uniq_duvessa
Temple:   nicolae_temple_the_god_donut

Skill      XL: |  1  2  3  4  5  6  7  8  9 |
---------------+----------------------------+-----
Invocations    | 1 2 3 4 |  4.8
Short Blades   | 1 2 3 4 |  4.3
Long Blades    | 1 2 3 4 |  4.3
Axes           | 1 2 3 4 |  4.3
Maces & Flails | 1 2 3 4 |  4.3
Polearms       | 1 2 3 4 |  4.3
Staves         | 1 2 3 4 |  4.3
Ranged Weapons | 1 2 3 4 |  4.3
Throwing       | 1 2 3 4 |  4.3
Shields        | 1 2 3 4 |  4.3
Unarmed Combat | 1 2 3 4 |  4.3
Spellcasting   | 1 2 3 4 |  4.3
Conjurations   | 1 2 3 |  3.5
Hexes          | 1 2 3 |  3.5
Summonings     | 1 2 3 |  3.5
Necromancy     | 1 2 3 |  3.5
Translocations | 1 2 3 |  3.5
Transmutations | 1 2 3 |  3.5
Fire Magic     | 1 2 3 |  3.5
Ice Magic      | 1 2 3 |  3.5
Air Magic      | 1 2 3 |  3.5
Earth Magic    | 1 2 3 |  3.5
Poison Magic   | 1 2 3 |  3.5
Shapeshifting  | 1 2 3 |  3.5
Fighting       | 3 4 5 |  5.1
Dodging        | 3 4 5 |  5.1
Stealth        | 3 4 5 |  5.0
Armour         | 5 6 |  6.4
Evocations     | 7 |  7.9

Action                     |  1- 3 |  4- 6 |  7- 9 || total
---------------------------+-------+-------+-------++-------
  Melee: Club              |   212 |   109 |       ||   321
         Bite              |    17 |    22 |    30 ||    69
         Short sword       |       |    75 |   237 ||   312
         Punch             |       |     2 |     3 ||     5
  Evoke: Wand              |     3 |     1 |     5 ||     9
    Use: Potion            |       |     1 |       ||     1
   Stab: Sleeping          |     2 |       |       ||     2
         Distracted        |       |       |     1 ||     1
 Armour: Leather armour    |    48 |       |       ||    48
         Scale mail        |    48 |    47 |       ||    95
         Fire dragon scale |       |    53 |   137 ||   190
  Dodge: Dodged            |   168 |   102 |   131 ||   401

Table legend: (Time is in decaauts)
 A = Elapsed time spent in this place.
 B = Non-inter-level travel time spent in this place.
 C = Inter-level travel time spent in this place.
 D = Time resting spent in this place.
 E = Time spent auto-exploring this place.
 F = Levels seen in this place.
 G = Mean time per level.
                   A        B        C        D        E       F      G
               +--------+--------+--------+--------+--------+-----+--------+
         Total |   7236 |   6970 |    266 |    348 |   5447 |   8 |  904.5 |
       Dungeon |   7185 |   6969 |    216 |    348 |   5447 |   7 | 1026.4 |
        Temple |     50 |      1 |     49 |      0 |      0 |   1 |   50.0 |
               +--------+--------+--------+--------+--------+-----+--------+

Top non-repeatable levels by time:
     D:6: 1646 daAuts
     D:1: 1377 daAuts
     D:2: 1070 daAuts
     D:5: 1030 daAuts
     D:3: 1012 daAuts
     D:4: 976 daAuts
     D:7: 71 daAuts
  Temple: 50 daAuts
